 Dungeon Crawl Stone Soup version 0.26.1-2-gb8aa6d0cf2 (webtiles) character file.

Game seed: 13680014441140266278

534 vatarom the Slasher (level 7, -1/50 HPs)
             Began as a Demonspawn Gladiator on Mar 3, 2021.
             Slain by Grinder (8 damage)
             ... on level 4 of the Dungeon.
             The game lasted 00:05:35 (3985 turns).

vatarom the Slasher (Demonspawn Gladiator)          Turns: 3985, Time: 00:05:35

Health: -1/50      AC: 14    Str: 15    XL:     7   Next: 4%
Magic:  7/7        EV: 13    Int:  9    God:
Gold:   255        SH:  0    Dex: 16    Spells: 6/6 levels left

rFire    . . .     SeeInvis .   a - +0 long sword
rCold    + . .     Faith    .   (no shield)
rNeg     . . .     Spirit   .   s - +5 ring mail of the Earth {Harm}
rPois    .         Reflect  .   (helmet restricted)
rElec    .         Harm     +   (no cloak)
rCorr    .         Rampage  .   (no gloves)
Will     .....                  u - +1 pair of boots
Stlth    +.........             l - amulet of regeneration
HPRegen  0.56/turn              c - ring of protection from cold
MPRegen  0.10/turn              (no ring)

@: flying, very slightly contaminated, invisible
A: horns 1, icy blue scales 1, miasma immunity, MP-powered wands
a: no special abilities


You were on level 4 of the Dungeon.
You visited 2 branches of the dungeon, and saw 5 of its levels.

You collected 255 gold pieces.

Inventory:

Hand Weapons
 a - a +0 long sword (weapon)
Missiles
 d - 3 throwing nets (quivered) {!f}
 t - 4 datura-tipped darts
Armour
 b - a +0 leather armour
 g - a +0 helmet of intelligence
 h - a +0 helmet
 s - the +5 ring mail of the Earth (worn) {Harm}
   (You found it on level 4 of the Dungeon)

   It increases damage dealt and taken.
 u - a +1 pair of boots (worn)
Jewellery
 c - a ring of protection from cold (left hand)
 l - an amulet of regeneration (around neck)
Wands
 k - a wand of iceblast (6) {@v4}
 n - a wand of paralysis (7)
 p - a wand of digging (3) {@v1}
Scrolls
 e - 6 scrolls of identify {unknown}
 f - 3 scrolls of random uselessness {unknown}
 i - a scroll of fear {unknown}
 j - 2 scrolls of remove curse {unknown}
 q - a scroll of teleportation {unknown}
 r - 2 scrolls of immolation {unknown}
 v - a scroll of enchant weapon {unknown}
 w - a scroll of amnesia {unknown}
 x - a scroll of enchant armour {unknown}


   Skills:
 - Level 2.2 Fighting
 * Level 6.0 Long Blades
 - Level 2.0 Throwing
 + Level 4.7 Dodging


You had 6 spell levels left.
You didn't know any spells.
Your spell library contained the following spells:

 Spells                   Type           Power        Failure   Level
 Summon Small Mammal      Summ           0%           63%         1
 Call Imp                 Summ           0%           77%         2
 Call Canine Familiar     Summ           0%           94%         3
 Summon Guardian Golem    Hex/Summ       0%           94%         3
 Summon Ice Beast         Ice/Summ       0%           100%        4
 Summon Lightning Spire   Summ/Air       0%           100%        4


Dungeon Overview and Level Annotations

Branches:
Dungeon (4/15)             Temple (1/1) D:4

Altars:
Cheibriados
Fedhas
Hepliaklqana
Okawaru
Qazlal
Sif Muna
Uskayaw
Vehumet
Wu Jian
Xom
Yredelemnul
The Shining One

Annotations:
D:2 1 runed translucent door
D:3 3 runed translucent doors, Nebesus's ghost, amateur TeAE; arta456's ghost, amateur DECj; kuzco6543's ghost, weakling FeEn
D:4 1 runed translucent door, Grinder


Innate Abilities, Weirdness & Mutations

You have a pair of small horns on your head.
You are partially covered in icy blue scales. (AC +2)
You are immune to miasma.
You expend magic power (3 MP) to strengthen your wands.


Message History

Pain shoots through your body! Grinder hits you. Grinder gestures at you.
Pain shoots through your body!
You flicker for a moment.
Grinder hits you.
* * * LOW HITPOINT WARNING * * *
You writhe in agony.
* * * LOW HITPOINT WARNING * * *
Grinder hits you.
* * * LOW HITPOINT WARNING * * *
You writhe in agony.
* * * LOW HITPOINT WARNING * * *
You can move again.
Unknown command.
You fade further into invisibility.
Grinder hits you but does no damage.
You feel very buoyant.
You fly up into the air.
Grinder hits you!
You die...

...###.###### #.#
#.....#
#.....##....###.#
#.....#
###..##......##.#
#...)##
#.##........'.#
#....(#
#..††.......#.#
####..#
##.'........#.#
##..
###........#'###
##.
##......##...###
##
##....##..@5..# #
#######.....$.#
#..# #..$.....#
##.# ##.....$.#
#.## ##..$?..+
##.# ##...###
##### ### #.##
##### #...##
#.######..#
##...##
#......##.#
##...#


You could see Grinder.

Vanquished Creatures
  An ogre (D:4)
  Blork the orc (D:4)
  4 crimson imps (D:3)
  A hound (D:4)
  An orc wizard (D:3)
  Natasha (D:4)
  Robin (D:1)
  5 adders
  An ooze (D:3)
  4 worms
  4 leopard geckos
  6 orcs
  A giant cockroach (D:4)
  16 goblins
  14 hobgoblins
  3 jackals (D:2)
  5 kobolds
  2 quokkas (D:3)
  2 ball pythons (D:1)
  7 bats
  3 frilled lizards
  A leopard gecko skeleton (D:3)
  2 rats
86 creatures vanquished.

Vanquished Creatures (others)
  4 withered plants (D:3)
4 creatures vanquished.

Grand Total: 90 creatures vanquished

Notes
Turn   | Place    | Note
-------+----------+-------------------------------------------
     0 | D:1      | vatarom the Demonspawn Gladiator began the quest for the
                  | Orb.
     0 | D:1      | Reached XP level 1. HP: 16/16 MP: 1/1
   386 | D:1      | Gained mutation: You are immune to miasma. [demonic
                  | ancestry]
   386 | D:1      | Reached XP level 2. HP: 18/22 MP: 2/2
   884 | D:2      | Noticed Robin
   905 | D:1      | Reached skill level 3 in Long Blades
  1273 | D:1      | Killed Robin
  1274 | D:1      | Reached XP level 3. HP: 20/27 MP: 3/3
  1587 | D:2      | Found a runed translucent door.
  1587 | D:2      | Noticed a human
  1589 | D:2      | Found a basalt altar of Yredelemnul.
  1602 | D:2      | Found a hazy altar of Hepliaklqana.
  1988 | D:2      | Reached XP level 4. HP: 29/33 MP: 4/4
  2192 | D:3      | Found a shimmering altar of Xom.
  2202 | D:3      | Reached skill level 4 in Long Blades
  2208 | D:3      | Gained mutation: You are partially covered in icy blue
                  | scales. (AC +2) [demonic ancestry]
  2208 | D:3      | Reached XP level 5. HP: 38/38 MP: 5/5
  2336 | D:3      | Found a runed translucent gate.
  2337 | D:3      | Found a runed translucent gate.
  2340 | D:3      | Found a runed translucent gate.
  2341 | D:3      | Noticed Nebesus's ghost (amateur TeAE)
  2341 | D:3      | Noticed kuzco6543's ghost (weakling FeEn)
  2341 | D:3      | Noticed arta456's ghost (amateur DECj)
  2501 | D:3      | Reached skill level 5 in Long Blades
  2897 | D:4      | Noticed Blork the orc
  2938 | D:4      | Noticed an ogre
  2972 | D:3      | Gained mutation: You have a pair of small horns on your
                  | head. [demonic ancestry]
  2972 | D:3      | Reached XP level 6. HP: 24/44 MP: 6/6
  3082 | D:4      | Gained mutation: You tend to lose your temper in combat.
                  | [potion of mutation]
  3082 | D:4      | Lost mutation: You tend to lose your temper in combat.
                  | [potion of mutation]
  3082 | D:4      | Gained mutation: You expend magic power (3 MP) to
                  | strengthen your wands. [potion of mutation]
  3090 | D:4      | Killed Blork the orc
  3482 | D:4      | Found a runed translucent door.
  3496 | D:4      | Got an encrusted ring mail
  3535 | D:4      | Identified the +5 ring mail of the Earth {Harm} (You found
                  | it on level 4 of the Dungeon)
  3624 | D:4      | Found a staircase to the Ecumenical Temple.
  3634 | Temple   | Entered the Ecumenical Temple
  3908 | D:4      | Noticed Natasha
  3917 | D:4      | Killed Natasha
  3919 | D:4      | Reached skill level 6 in Long Blades
  3955 | D:4      | Reached XP level 7. HP: 48/50 MP: 7/7
  3962 | D:4      | Noticed Grinder
  3965 | D:4      | Paralysed by Grinder for 6 turns
  3978 | D:4      | Paralysed by Grinder for 6 turns
  3985 | D:4      | Slain by Grinder

Illustrated notes

Levels and vault maps discovered:
D:1:      elethiomel_arrival_infinity_welcomes_careful_drivers, layout_basic
D:2:      layout_basic, nzn_hepliaklqana_mist_gate, dk_yredelemnul_ordeal,
          uniq_robin
D:3:      layout_loops_ring, gammafunk_ghost_cemetery, led_xom_imps
D:4:      minmay_polygon_palace, layout_cave_pods, minmay_temple_entry_trees,
          uniq_blork_the_orc, uniq_natasha, uniq_grinder,
          uniq_crazy_yiuf_cottage
Temple:   jpeg_temple_alley_garden

Skill      XL: |  1  2  3  4  5  6 |
---------------+-------------------+-----
Throwing       | 2 |  2.0
Long Blades    | 3 4 5 6 |  6.0
Dodging        | 3 4 |  4.7
Fighting       | |  2.2

Action                   |  1- 3 |  4- 6 |  7- 9 || total
-------------------------+-------+-------+-------++-------
Melee: Long sword        |   129 |   188 |     5 ||   322
       Headbutt          |       |    12 |       ||    12
  Use: Potion            |     1 |     4 |     4 ||     9
 Stab: Invisible         |       |     4 |       ||     4
Armor: Leather armour    |    48 |    46 |       ||    94
       Ring mail         |       |    16 |     4 ||    20
Dodge: Dodged            |   112 |   126 |     4 ||   242
       Rpst.: Long sword |    35 |    34 |       ||    69
